Map: Lost and Found LE

Players

Harstem

  • Race: Protoss Protoss
  • League: Master
  • Spawn Location: 1:00

GOStephano (Stephano) - Winner!

  • Race: Zerg Zerg
  • League: Master
  • Spawn Location: 7:00

Event: HomeStory Cup XVII

VOD

Have the link to the VOD?

Description

Time

  • Played on: June 28, 2018, 1:22 p.m.
  • Length: 10:36

All games in this series

Show
View Real Time Build Order
Export as new Build Order

Harstem Protoss 

Build Orders: Nexus First, Oracle Opening, Archon Immortal, Zealot Archon 

Get SALT Encoding   

  12  0:00  Probe  
  13  0:12  Probe  
  14  0:18  Pylon  
  14  0:24  Probe  
  15  0:33  Probe  
  15  0:41  Probe  
  17  0:58  Nexus  
  17  1:08  Gateway  
  17  1:10  Probe  
  18  1:16  Assimilator  
  18  1:18  Probe  
  18  1:25  Assimilator  
  19  1:26  Probe  
  20  1:37  Probe  
  21  1:42  Gateway  
  21  1:49  Probe  
  22  1:56  Cybernetics Core  
  22  2:01  Probe  
  22  2:05  Pylon  
  23  2:13  Probe x2  
  25  2:25  Adept x2, Probe x2  
  30  2:37  Probe  
  30  2:38  Probe  
  30  2:43  Stargate  
  32  2:45  Warp Gate  
  32  2:49  Probe  
  32  2:50  Probe  
  34  2:57  Stalker  
  36  3:02  Probe x2  
  38  3:14  Probe  
  38  3:15  Probe  
  38  3:16  Oracle, Pylon  
  40  3:26  Probe  
  40  3:27  Probe  
  45  3:38  Probe  
  45  3:39  Nexus  
  46  3:41  Probe  
  46  3:44  Oracle  
  46  3:45  Pylon  
  47  3:50  Probe  
  47  3:55  Probe  
  52  4:00  Assimilator  
  52  4:02  Assimilator, Probe  
  53  4:07  Probe  
  54  4:10  Shield Battery  
  54  4:13  Probe, Pylon  
  55  4:18  Probe  
  55  4:21  Probe, Forge  
  55  4:22  Twilight Council  
  56  4:26  Probe  
  56  4:29  Probe  
  58  4:35  Probe  
  60  4:41  Probe  
  60  4:43  Gateway x2  
  61  4:49  Robotics Facility  
  61  4:50  Probe  
  61  4:52  Protoss Ground Weapons Level 1  
  62  4:53  Probe  
  62  4:55  Probe  
  62  4:58  Adept  
  66  5:03  Probe  
  66  5:04  Adept, Probe  
  69  5:07  Probe  
  69  5:11  Probe, Charge  
  69  5:13  Probe  
  70  5:19  Probe  
  70  5:21  Probe x2  
  73  5:22  Templar Archives  
  73  5:27  Pylon  
  75  5:29  Probe  
  75  5:31  Assimilator  
  75  5:33  Pylon  
  75  5:34  Probe, Sentry  
  79  5:35  Probe  
  79  5:36  Assimilator  
  79  5:40  Warp Prism  
  82  5:45  Zealot x2  
  82  5:46  Probe  
  82  5:48  Probe  
  82  5:49  Probe  
  88  5:58  Gateway, Probe  
  88  5:59  Gateway  
  88  6:02  Probe  
  80  6:04  Sentry, Zealot  
  80  6:05  Probe  
  83  6:13  Gateway x2  
  83  6:15  High Templar x2  
  83  6:17  Pylon  
  87  6:18  Pylon  
  87  6:22  Photon Cannon, Archon  
  87  6:26  High Templar  
  87  6:27  High Templar  
  87  6:29  Observer  
  87  6:31  Protoss Ground Weapons Level 2, Archon  
  92  6:38  Shield Battery  
  92  6:39  Pylon  
  92  6:43  Psionic Storm  
  92  6:49  Zealot x2  
  92  6:53  Probe  
  97  6:56  Immortal  
  97  6:58  High Templar  
  97  7:00  High Templar  
  101  7:02  Zealot x2  
  109  7:09  Pylon  
  109  7:12  Nexus  
  109  7:13  Zealot x2  
  109  7:14  Pylon, Zealot  
  115  7:16  Pylon  
  115  7:19  Pylon  
  115  7:29  Immortal  
  115  7:31  Zealot x4  
  119  7:39  Probe  
  119  7:41  High Templar x2  
  119  7:42  Zealot  
  126  7:47  Probe  
  126  7:49  Probe  
  128  7:51  Shield Battery  
  128  7:52  High Templar x2, Shield Battery  
  128  7:53  Zealot  
  128  7:55  Probe  
  128  7:56  Pylon  
  128  7:57  Assimilator  
  135  7:59  High Templar, Probe  
  135  8:01  Assimilator  
  135  8:02  Archon  
  135  8:04  Photon Cannon  
  138  8:08  Zealot  
  138  8:09  Zealot  
  138  8:13  Immortal  
  142  8:21  Zealot x3  
  134  8:27  Zealot x5  
  134  8:33  Archon  
  133  8:34  Archon  
  133  8:38  Zealot x3  
  114  8:49  Zealot x5  
  114  8:53  Immortal  
  128  8:55  Nexus  
  116  9:05  High Templar  
  116  9:06  High Templar  
  116  9:08  Probe  
  116  9:09  Pylon  
  121  9:15  High Templar x2  
  121  9:16  High Templar x2  
  129  9:21  Zealot x2  
  129  9:23  Archon x2  
  133  9:24  Probe x2  
  133  9:26  Pylon  
  128  9:38  Immortal  
  128  9:39  Zealot  
  128  9:40  Zealot  
  124  9:48  Zealot x6  
  124  9:59  Probe  
  113  10:03  Gateway, High Templar  
  113  10:04  Gateway, High Templar  
  117  10:11  High Templar x3  
  117  10:12  Archon  
  123  10:17  Archon, High Templar  
  123  10:18  Zealot x2  
  123  10:19  Probe  
  123  10:21  Probe x2  
  131  10:22  Archon  
Show
View Real Time Build Order
Export as new Build Order

GOStephano Zerg - Winner!

Build Orders: Hatch First 

Get SALT Encoding   

  12  0:00  Drone  
  13  0:12  Overlord  
  13  0:17  Drone  
  14  0:31  Drone x2  
  16  0:47  Hatchery  
  15  0:51  Drone  
  15  0:54  Drone  
  17  0:57  Drone  
  18  1:08  Extractor  
  17  1:13  Spawning Pool  
  17  1:16  Drone  
  17  1:19  Drone  
  18  1:29  Drone  
  19  1:39  Drone  
  20  1:49  Drone  
  21  1:59  Queen x2  
  21  2:00  Overlord  
  21  2:01  Zergling x2  
  26  2:12  Drone  
  26  2:13  Drone  
  28  2:18  Metabolic Boost  
  28  2:20  Drone  
  29  2:33  Hatchery  
  28  2:38  Queen  
  28  2:41  Overlord  
  30  2:44  Zergling x2  
  30  2:47  Drone  
  30  2:49  Drone  
  33  2:53  Drone  
  33  2:55  Drone  
  35  2:59  Drone  
  35  3:05  Drone  
  37  3:06  Drone  
  37  3:10  Overlord  
  37  3:11  Drone x2  
  40  3:17  Evolution Chamber  
  40  3:18  Zergling x4  
  41  3:25  Queen  
  43  3:28  Drone  
  43  3:30  Spore Crawler, Drone  
  43  3:31  Drone  
  45  3:35  Overlord  
  45  3:38  Drone  
  45  3:40  Drone  
  47  3:41  Drone  
  47  3:47  Drone, Zerg Melee Weapons Level 1  
  47  3:48  Drone  
  50  3:53  Spore Crawler, Drone  
  50  3:56  Drone x2  
  50  4:01  Drone x2  
  54  4:05  Drone x3  
  54  4:08  Overlord  
  57  4:14  Drone x4  
  61  4:21  Spore Crawler  
  61  4:23  Lair  
  60  4:26  Zergling x4  
  60  4:27  Zergling x2  
  60  4:28  Drone x2  
  60  4:30  Extractor  
  63  4:32  Queen  
  65  4:39  Drone x3  
  65  4:45  Extractor  
  67  4:47  Zergling x8  
  71  4:53  Drone x2  
  71  4:54  Overlord  
  71  4:56  Overlord  
  72  5:09  Hatchery  
  72  5:10  Zergling x6  
  72  5:15  Zergling x16  
  77  5:26  Hydralisk Den  
  76  5:32  Overlord x2  
  76  5:34  Overlord  
  76  5:44  Zergling x2  
  76  5:45  Zergling x10  
  82  5:51  Drone x3  
  82  5:52  Zerg Melee Weapons Level 2  
  82  5:54  Extractor  
  82  5:55  Baneling Nest  
  83  5:57  Drone x9  
  85  6:05  Hydralisk x3  
  87  6:11  Muscular Augments  
  87  6:15  Extractor x2  
  85  6:22  Hydralisk x2, Drone x3  
  85  6:23  Hydralisk  
  94  6:30  Drone x3  
  94  6:31  Drone x2  
  99  6:35  Drone x2  
  99  6:39  Overlord  
  100  6:49  Centrifical Hooks  
  100  6:51  Zergling x28  
  114  7:01  Hydralisk x4  
  114  7:04  Zergling x2  
  114  7:05  Zergling x8  
  127  7:12  Zergling x2  
  127  7:14  Overlord x3  
  127  7:20  Baneling x13  
  127  7:23  Grooved Spines  
  127  7:27  Overlord  
  127  7:33  Zergling x2  
  127  7:34  Zergling x28  
  138  7:40  Hydralisk  
  138  7:41  Hydralisk  
  139  7:44  Baneling x11, Spine Crawler  
  139  7:48  Zergling x10  
  139  7:49  Zergling x6  
  146  7:57  Baneling x5  
  147  7:58  Zergling x8  
  147  7:59  Zergling x2  
  147  8:02  Zergling x2  
  147  8:03  Zergling x6  
  155  8:06  Baneling  
  155  8:08  Zerg Missile Weapons Level 1  
  155  8:09  Zergling x2  
  154  8:13  Zergling x2  
  154  8:14  Zergling x6  
  152  8:22  Zergling x16  
  148  8:27  Hydralisk x4  
  148  8:33  Zergling x10  
  149  8:34  Hydralisk  
  149  8:35  Hydralisk  
  140  8:43  Hydralisk  
  140  8:44  Hydralisk x3  
  140  8:45  Zergling x2  
  140  8:46  Zergling x2  
  140  8:50  Zergling x2  
  140  8:51  Zergling x6  
  135  8:56  Hydralisk x3  
  135  8:59  Zergling x2  
  133  9:04  Zergling x2  
  133  9:05  Baneling x5  
  133  9:06  Baneling x5  
  133  9:09  Zergling x4  
  140  9:10  Zergling x8  
  140  9:11  Overseer  
  140  9:17  Zergling x2  
  140  9:18  Zergling x12  
  140  9:20  Baneling  
  140  9:21  Baneling x3  
  140  9:23  Zergling x4  
  149  9:31  Zergling x2  
  149  9:32  Zergling x6  
  149  9:34  Hydralisk x2  
  153  9:41  Zergling x16  
  153  9:46  Hydralisk x3  
  153  9:50  Zergling x6  
  153  9:52  Hydralisk  
  143  9:55  Zergling x2  
  143  9:56  Zergling x4  
  136  10:01  Baneling x6  
  136  10:02  Zergling x6  
  139  10:07  Baneling x4  
  139  10:09  Zergling x4  
  141  10:15  Zergling x8  
  141  10:16  Baneling  
  141  10:19  Baneling x8  
Tags
 
Add a new tag
Caveats
  • Supply blocks, unpowered buildings, or Contaminate may cause inaccurate times.
  • Supply counts are checked every 10 seconds.